 Dungeon Crawl Stone Soup version 0.31-a0-325-g067879e3d3 (webtiles) character file.

Game seed: 14738467989296943822

71 cforsyth the Changeling (level 4, -8/51 HPs)
             Began as a Vampire Shapeshifter on July 19, 2023.
             Killed from afar by Jessica (15 damage)
             ... with a puff of flame
             ... on level 3 of the Dungeon.
             The game lasted 00:01:33 (1241 turns).

cforsyth the Changeling (Vampire Shapeshifter)      Turns: 1241, Time: 00:01:33

Health: -8/51      AC: 22    Str: 16    XL:     4   Next: 5%
Magic:  4/4        EV:  2    Int: 10    God:
Gold:   97         SH:  0    Dex: 14    Spells: 3/3 levels left

rFire   . .          .
                       - Unarmed
rCold   . . .        (no shield)
rNeg    . . .        a - melded +0 animal skin
rPois   +            (helmet currently unavailable)
rElec   .            (cloak currently unavailable)
rCorr   .            (gloves currently unavailable)
SInv    +            (boots currently unavailable)
Will    .....        (no amulet)
Stlth   +            (no ring)
HPRegen 0.48/turn    (no ring)
MPRegen 0.09/turn

%: no passive effects
@: tree-form, healing quickly
A: stationary, stasis, torment immunity, boosted hp, alive, (fangs 3), see
invisible, vampiric 2
a: Exsanguinate


You were on level 3 of the Dungeon.
You were a tree.
You visited 1 branch of the dungeon, and saw 3 of its levels.

You collected 97 gold pieces.

Inventory:

Armour
 a - a +0 animal skin (melded)
Talismans
 c - a beast talisman
Scrolls
 d - a scroll of vulnerability {unknown}
 e - a scroll of immolation {unknown}
 g - a scroll of enchant armour {unknown}
 h - a scroll of acquirement {unknown}
 k - 2 scrolls of identify {unknown}
 l - a scroll of revelation {unknown}
Potions
 f - a potion of curing {unknown}
 i - a potion of degeneration {unknown}
 j - a potion of enlightenment {unknown}


   Skills:
 + Level 2.7 Fighting
 - Level 2.1 Dodging
 + Level 3.2 Unarmed Combat
 + Level 3.8 Shapeshifting


You had 3 spell levels left.
You didn't know any spells.
Your spell library was empty.

Dungeon Overview and Level Annotations

Branches:
Dungeon (3/15)

Altars:

Annotations:
D:3 Jessica


Innate Abilities, Weirdness & Mutations

You are a tree.
Your roots penetrate the ground, keeping you stationary.
You cannot be teleported.
You are immune to unholy pain and torment.
Your maximum health is greatly increased.
Your equipment is partially melded.
Your natural rate of healing is accelerated.
((You have razor-sharp teeth.))
You have supernaturally acute eyesight. (SInv)
You are afflicted with vampirism and can become a bat while bloodless.


Message History

You are too injured to fight recklessly!
You are too injured to fight recklessly!
You are too injured to fight recklessly!
You are too injured to fight recklessly!
You are too injured to fight recklessly!
You are too injured to fight recklessly!
You hit the worm. You bite the worm!
The worm is severely wounded.
The worm bites you.
You hit the worm.
The worm is almost dead.
Jessica zaps a wand.
The puff of flame hits you!
* * * LOW HITPOINT WARNING * * *
Really quaff the potion of lignification?
Your transformation has ended.
You turn into a tree.
Your +0 animal skin melds into your body.
Your roots penetrate the ground.
The worm bites you but does no damage.
You hit the worm.
The worm is almost dead.
Jessica hits you but does no damage.
You barely miss the worm.
The worm is almost dead.
Jessica hits you but does no damage. The worm bites you but does no damage.
You hit the worm but do no damage.
The worm is almost dead.
Jessica hits you but does no damage.
You hit the worm but do no damage.
The worm is almost dead.
The worm bites you.
* * * LOW HITPOINT WARNING * * *
Jessica hits you but does no damage.
You barely miss the worm.
The worm is severely wounded.
Jessica hits you but does no damage. The worm barely misses you.
You smack the worm!
You kill the worm!
Jessica barely misses you.
You closely miss Jessica.
Jessica zaps a wand.
The puff of flame hits you!
You die...

............... #.......
..............? #......#
#..............
#......###.............
#.......##...........#
#.......##...........#
#.......++......@....##.
##......##......♣.......
...<....+...............
........#...............
.............?..........
..†..####.#.............
.....######.............
..........+...........##
..........#............
....)..................


You could see Jessica.

Vanquished Creatures
  An adder (D:2)
  2 worms
  3 dart slugs
  4 ball pythons
  7 bats
  2 endoplasms (D:1)
  5 giant cockroaches
  4 goblins
  3 hobgoblins
  2 quokkas
  2 frilled lizards (D:1)
  6 kobolds
  8 rats
49 creatures vanquished.

Notes
Turn   | Place    | Note
-------+----------+-------------------------------------------
     0 | D:1      | cforsyth the Vampire Shapeshifter began the quest for the
                  | Orb.
     0 | D:1      | Reached XP level 1. HP: 16/16 MP: 1/1
    90 | D:1      | Reached XP level 2. HP: 22/22 MP: 2/2
   580 | D:1      | Gained mutation: You are afflicted with vampirism and can
                  | become a bat while bloodless. [Vampire growth]
   580 | D:1      | Reached XP level 3. HP: 22/28 MP: 3/3
  1202 | D:3      | Reached XP level 4. HP: 34/34 MP: 4/4
  1228 | D:3      | Noticed Jessica
  1241 | D:3      | Killed from afar by Jessica

Illustrated notes

Levels and vault maps discovered:
D:1:      lightli_iron_boxes, layout_loops_ring
D:2:      layout_rooms
D:3:      layout_basic, serial_shops, nicolae_shop_back_alley_shop,
          minmay_goblin_kobold_house, uniq_jessica, uniq_grinder

Skill      XL: |  1  2  3 |
---------------+----------+-----
Fighting       | 2 |  2.7
Unarmed Combat | 3 |  3.2
Dodging        | |  2.1
Shapeshifting  | |  3.8

Action                     |  1- 3 |  4- 6 || total
---------------------------+-------+-------++-------
  Melee: Unarmed           |   130 |    11 ||   141
         Bite              |     6 |     2 ||     8
         Punch             |       |     1 ||     1
    Use: Potion            |       |     1 ||     1
   Stab: Sleeping          |     2 |       ||     2
 Armour: Animal skin       |    26 |       ||    26
         Skin              |       |     7 ||     7
  Dodge: Dodged            |    78 |     2 ||    80

Table legend: (Time is in decaauts)
 A = Elapsed time spent in this place.
 B = Non-inter-level travel time spent in this place.
 C = Inter-level travel time spent in this place.
 D = Time resting spent in this place.
 E = Time spent auto-exploring this place.
 F = Levels seen in this place.
 G = Mean time per level.
                   A        B        C        D        E       F      G
               +--------+--------+--------+--------+--------+-----+--------+
         Total |   1233 |   1168 |     65 |      0 |    880 |   3 |  411.0 |
       Dungeon |   1233 |   1168 |     65 |      0 |    880 |   3 |  411.0 |
               +--------+--------+--------+--------+--------+-----+--------+

Top non-repeatable levels by time:
     D:1: 749 daAuts
     D:2: 434 daAuts
     D:3: 49 daAuts
